 Dungeon Crawl Stone Soup version 0.18.1-50-g88ac8fd (webtiles) character file.

35 raph the Magician (level 3, -1/20 HPs)
             Began as a Deep Elf Wizard on Oct 24, 2016.
             Slain by a giant gecko (4 damage)
             ... on level 2 of the Dungeon.
             The game lasted 00:02:36 (1149 turns).

raph the Magician (Deep Elf Wizard)                 Turns: 1149, Time: 00:02:37

Health: -1/20      AC:  5    Str:  5    XL:     3   Next: 16%
Magic:  1/11       EV: 12    Int: 22    God:
Gold:   54         SH:  0    Dex: 13    Spells: 3 memorised, 6 levels left

rFire  . . .     SeeInvis .     e - -3 dagger (curse)
rCold  . . .     Gourm    .     g - +0 leather armour (curse)
rNeg   . . .     Faith    .     (no shield)
rPois  .         Spirit   .     b - +0 hat
rElec  .         Dismiss  .     (no cloak)
rCorr  .         Reflect  .     (no gloves)
SustAt .         Harm     .     k - +1 pair of boots
MR     .....                    (no amulet)
Stlth  ++........               (no ring)
                                (no ring)

@: not resistant to hostile enchantments, unstealthy
A: no striking features
a: no special abilities


You were on level 2 of the Dungeon.
You were hungry.

You visited 1 branch of the dungeon, and saw 2 of its levels.

You collected 54 gold pieces.

Inventory:

Hand Weapons
 e - a cursed -3 dagger (weapon)
Armour
 a - a +0 robe
 b - a +0 hat (worn)
 g - a cursed +0 leather armour (worn)
 k - a +1 pair of boots (worn)
Jewellery
 j - a +5 amulet of reflection {unknown}
Scrolls
 f - a scroll of identify {unknown}
 h - a scroll of magic mapping {unknown}
Books
 c - a book of Minor Magic

   Spells                             Type                      Level
   a - Magic Dart                     Conjuration                  1
   b - Blink                          Translocation                2
   c - Call Imp                       Summoning                    2
   d - Repel Missiles                 Charms/Air                   2
   e - Slow                           Hexes                        2
   f - Conjure Flame                  Conjuration/Fire             3
   g - Mephitic Cloud                 Conjuration/Poison/Air       3
Comestibles
 d - a bread ration


   Skills:
 + Level 0.8 Fighting
 + Level 2.7 Dodging
 + Level 2.7 Stealth
 + Level 4.6 Spellcasting
 * Level 2.3 Conjurations
 - Level 1.1 Summonings
 - Level 1.1 Translocations


You had 6 spell levels left.
You knew the following spells:

 Your Spells              Type           Power        Failure   Level  Hunger
a - Magic Dart            Conj           ###.         8%          1    None
b - Blink                 Tloc           N/A          21%         2    None
c - Call Imp              Summ           #.......     21%         2    None


Dungeon Overview and Level Annotations

Branches:
Dungeon (2/15)

Altars:


Message History

Aim: a giant cockroach (moderately wounded, clinging)
The magic dart hits the giant cockroach.
You kill the giant cockroach!
Casting: Magic Dart
Confirm with . or Enter, or press ? or * to list all spells.
Aiming: Magic Dart
Press: ? - help, Shift-Dir - straight line, f - rat
Aim: a rat The magic dart hits the rat.
The rat bites you.
* * * LOW HITPOINT WARNING * * *
A giant gecko comes into view.
The giant gecko moves out of view.
You closely miss the rat. The rat closely misses you.
Casting: Magic Dart
Confirm with . or Enter, or press ? or * to list all spells.
You don't have enough magic to cast that spell.
The rat twitches its whiskers.
Found a scroll labeled JOUSCH ONGAYGYF.
The giant gecko bites you.
You die...

... #...8.8...
#....8...## .
.........# .#
#.......# .## .......
..# #.###....# ###.#
#.<...l?.# .#..# #.@##
....###########...####
.......†.....rr......+
#...###########...####
#..## .......# #..#
#..####.# #... #..# #
##.## #... ##.# #.#.


You could see a giant gecko and 2 rats.

Vanquished Creatures
  An adder (D:2)
  An ooze (D:1)
  A dart slug (D:1)
  2 giant cockroaches
  A goblin (D:1)
  4 hobgoblins
  A jackal (D:1)
  3 kobolds (D:1)
  A ball python (D:1)
  A bat (D:2)
  2 rats
18 creatures vanquished.

Vanquished Creatures (collateral kills)
  A jackal (D:1)
1 creature vanquished.

Grand Total: 19 creatures vanquished

Notes
Turn   | Place    | Note
--------------------------------------------------------------
     0 | D:1      | raph the Deep Elf Wizard began the quest for the Orb.
     0 | D:1      | Reached XP level 1. HP: 10/10 MP: 7/7
   258 | D:1      | Reached XP level 2. HP: 13/15 MP: 5/9
   424 | D:1      | Learned a level 2 spell: Blink
   427 | D:1      | Learned a level 2 spell: Call Imp
  1123 | D:2      | Reached XP level 3. HP: 4/20 MP: 0/11
  1149 | D:2      | Slain by a giant gecko

Skill      XL: |  1  2 |
---------------+-------+-----
Conjurations   | 2 |  2.3
Fighting       | |  0.8
Dodging        | |  2.7
Stealth        | |  2.7
Spellcasting   | |  4.6
Summonings     | |  1.1
Translocations | |  1.1

Action                   || total
-------------------------++-------
Melee: Dagger            ||    16
 Cast: Magic Dart        ||    55
       Blink             ||     3
       Call Imp          ||     1
  Use: Potion            ||     1
Armor: Leather armour    ||    16
       Robe              ||     8
Dodge: Dodged            ||    61
